 Dungeon Crawl Stone Soup version 0.22.1-1-ga44c0e5 (webtiles) character file.

5565 harcile the Carver (level 10, 0/88 HPs)
             Began as a Hill Orc Fighter on Oct 9, 2018.
             Was a High Priest of Okawaru.
             Slain by a spiny frog (15 damage)
             ... on level 1 of the Lair of Beasts.
             The game lasted 00:23:43 (9670 turns).

harcile the Carver (Hill Orc Fighter)               Turns: 9670, Time: 00:23:44

Health: 0/88       AC: 16    Str: 21    XL:     10   Next: 72%
Magic:  10/10      EV:  6    Int:  8    God:    Okawaru [*****.]
Gold:   579        SH: 14    Dex: 12    Spells: 9/9 levels left

rFire    . . .     SeeInvis .   a - +1 long sword
rCold    + . .     Gourm    .   c - +1 shield
rNeg     + . .     Faith    .   n - +0 plate armour
rPois    .         Spirit   .   I - +0 helmet
rElec    .         Reflect  +   u - +0 cloak
rCorr    .         Harm     .   (no gloves)
MR       .....                  (no boots)
Stlth    ..........             b - +2 amulet of reflection
HPRegen  0.24/turn              w - ring of positive energy
MPRegen  0.12/turn              F - ring of protection from cold

@: no status effects
A: no striking features
a: Heroism, Finesse, Renounce Religion


You were on level 1 of the Lair of Beasts.
You worshipped Okawaru.
Okawaru was extremely pleased with you.
You were very hungry.

You visited 2 branches of the dungeon, and saw 9 of its levels.
You also visited: Ossuary.

You collected 579 gold pieces.

Inventory:

Hand Weapons
 a - a +1 long sword (weapon)
 t - a +3 quarterstaff of chaos
 v - a +0 long sword
 D - a +2 flail of protection
Armour
 c - a +1 shield (worn)
 d - the +1 leather armour of Bean {rPois rC- Slay+2}
   (You found it on level 5 of the Dungeon)

   It affects your accuracy and damage with ranged weapons and melee attacks
   (+2).
   It makes you vulnerable to cold.
   It protects you from poison.
 n - a +0 plate armour (worn)
 u - a +0 cloak (worn)
 B - a -2 plate armour
 I - a +0 helmet (worn)
Magical Staves
 z - an uncursed staff of earth
Jewellery
 b - a +2 amulet of reflection (around neck)
 q - an uncursed amulet of rage
 w - a ring of positive energy (left hand)
 F - a ring of protection from cold (right hand)
 G - an uncursed ring of flight {unknown}
Wands
 k - a wand of iceblast (11)
Scrolls
 i - 2 scrolls of fear
 j - a scroll of enchant weapon
 m - 5 scrolls of teleportation
 o - 2 scrolls of magic mapping
 x - 3 scrolls of remove curse
 y - 5 scrolls of identify
 C - 3 scrolls of enchant armour
 H - a scroll of torment {unknown}
Potions
 e - 3 potions of heal wounds
 g - 2 potions of invisibility
 h - 2 potions of magic
 l - 6 potions of curing
 p - a potion of agility
 r - a potion of haste
 s - a potion of berserk rage
 A - 2 potions of flight
 E - 5 potions of brilliance
Comestibles
 f - 15 rations


   Skills:
 + Level 8.2 Fighting
 + Level 10.7 Long Blades
 + Level 8.0 Armour
 + Level 2.0 Dodging
 + Level 0.8 Stealth
 + Level 9.3 Shields


You had 9 spell levels left.
You didn't know any spells.
Your spell library contained the following spells:

 Spells                   Type           Power        Failure   Level  Hunger
 Summon Lightning Spire   Summ/Air       #.......     100%        4    #####..
 Silence                  Hex/Air        #.........   100%        5    ######.
 Conjure Ball Lightning   Conj/Air       #.........   100%        6    #######
 Deflect Missiles         Chrm/Air       #.........   100%        6    #######
 Tornado                  Air            #.........   100%        9    #######


Dungeon Overview and Level Annotations

Branches:
Dungeon (8/15)             Temple (0/1) D:4            Lair (1/6) D:8

Altars:
Cheibriados
Elyvilon
Fedhas
Kikubaaqudgha
Nemelex Xobeh
Okawaru
Ru
Trog
Xom
Yredelemnul

Annotations:
D:7 3 runed doors, bloo's ghost, novice DECj


Message History

The porcupine is almost dead.
The porcupine bites you but does no damage.
The spiny frog closely misses you.
You closely miss the porcupine.
The porcupine is almost dead.
You block the porcupine's attack. You block the spiny frog's attack.
You slash the porcupine!
You kill the porcupine!
Okawaru accepts your kill. You block the spiny frog's attack.
You slash the spiny frog!
The spiny frog is lightly wounded.
You block the spiny frog's attack.
Your shield and plate armour prevent you from hitting the spiny frog.
The spiny frog is lightly wounded.
The spiny frog stings you but does no damage.
You closely miss the spiny frog.
The spiny frog is lightly wounded.
The spiny frog stings you!
You die...

##..# ##..##
##....####....##
#......##......##
#...............##
#................#
#..........?.....###
#................#.#####
#.......#........F.....#
.......P##......@......#
#.....###.#......###....#
##...## ##.#...### ....#
#....## ####### .....#
......# ....## ......#
....# ##....# ....#
##.....# ..(.# .#[.....#


You could see a spiny frog.

Vanquished Creatures
  A black mamba (Lair:1)
  A spiny frog (Lair:1)
  Grinder (D:4)
  Prince Ribbit (D:5)
  4 yaks (Lair:1)
  Edmund (D:4)
  A water moccasin (D:8)
  Duvessa (D:5)
  2 porcupines (Lair:1)
  A sky beast (D:8)
  An ice beast (D:8)
  A black bear (D:4)
  A phantom (D:7)
  3 ogres
  An orc warrior (D:7)
  2 necrophages (D:6)
  3 centaurs
  A crocodile (Lair:1)
  4 bullfrogs
  A big kobold (D:8)
  2 gnoll sergeants
  Dowan (D:5)
  A scorpion (D:5)
  A water moccasin skeleton (D:6)
  4 howler monkeys
  2 crimson imps
  10 hounds
  3 jellies
  7 orc priests
  Crazy Yiuf (D:2)
  2 bullfrog skeletons
  3 orc wizards
  5 worker ants
  2 killer bee zombies
  3 big kobold zombies (Ossuary)
  A hound zombie (D:6)
  4 mummies (Ossuary)
  17 gnolls
  15 adders
  A shadow imp (D:6)
  3 oozes
  An adder zombie (D:6)
  3 worms
  2 dart slugs
  6 leopard geckos
  18 orcs
  4 giant cockroaches
  5 goblins
  5 hobgoblins (D:1)
  An iguana (D:3)
  3 jackals (D:4)
  10 kobolds
  A quokka (D:7)
  2 ball pythons
  A ball python skeleton (D:4)
  4 bats
  5 frilled lizards
  A goblin zombie (D:5)
  2 hobgoblin zombies (Ossuary)
  A jackal skeleton (D:6)
  A jackal zombie (Ossuary)
  A leopard gecko skeleton (D:4)
  A leopard gecko zombie (D:3)
  An orc zombie (Ossuary)
  8 rats
  4 rat zombies
211 creatures vanquished.

Vanquished Creatures (others)
  An adder zombie (Ossuary)
  A rat zombie (Ossuary)
  A fungus (Lair:1)
  A plant (Lair:1)
4 creatures vanquished.

Grand Total: 215 creatures vanquished

Notes
Turn   | Place    | Note
-------+----------+-------------------------------------------
     0 | D:1      | harcile the Hill Orc Fighter began the quest for the Orb.
     0 | D:1      | Reached XP level 1. HP: 19/19 MP: 1/1
   174 | D:1      | Reached XP level 2. HP: 23/27 MP: 2/2
   795 | D:1      | Reached XP level 3. HP: 30/33 MP: 3/3
  1074 | D:2      | Found a blossoming altar of Fedhas.
  1194 | D:2      | Found an iron altar of Okawaru.
  1209 | D:2      | Became a worshipper of Warmaster Okawaru
  1328 | D:2      | Reached skill level 3 in Long Blades
  1328 | D:2      | Reached XP level 4. HP: 14/40 MP: 4/4
  1533 | D:2      | Found a runed door.
  1555 | D:2      | Noticed Crazy Yiuf
  1566 | D:2      | Killed Crazy Yiuf
  1714 | D:3      | Found a sacrificial altar of Ru.
  1725 | D:3      | Reached XP level 5. HP: 35/47 MP: 5/5
  1804 | D:3      | Reached * piety under Okawaru
  1821 | D:3      | Reached skill level 1 in Dodging
  1883 | D:3      | Reached skill level 5 in Fighting
  1927 | D:3      | Found an ancient bone altar of Kikubaaqudgha.
  2094 | D:3      | Reached XP level 6. HP: 53/56 MP: 6/6
  2110 | D:3      | Reached skill level 4 in Long Blades
  2246 | D:3      | Found a bloodstained altar of Trog.
  2424 | D:3      | Found a shimmering altar of Xom.
  2605 | D:4      | Reached XP level 7. HP: 18/61 MP: 7/7
  2641 | D:4      | HP: 3/61 [hound (2)]
  2642 | D:4      | Reached skill level 5 in Armour
  2692 | D:4      | Reached ** piety under Okawaru
  2750 | D:4      | Reached skill level 5 in Long Blades
  2979 | D:4      | Found a staircase to the Ecumenical Temple.
  3075 | D:4      | Noticed Edmund
  3111 | D:4      | Killed Edmund
  3111 | D:4      | Reached skill level 6 in Long Blades
  3247 | D:4      | Reached XP level 8. HP: 48/70 MP: 8/8
  3395 | D:4      | Found a sparkling altar of Nemelex Xobeh.
  3530 | D:5      | Entered Level 5 of the Dungeon
  3555 | D:5      | Reached skill level 5 in Shields
  3565 | D:5      | Found a sand-covered staircase.
  3597 | Ossuary  | Entered an ossuary
  3995 | D:5      | Reached *** piety under Okawaru
  3995 | D:5      | Reached skill level 7 in Long Blades
  4109 | D:5      | Noticed Grinder
  4155 | D:4      | Paralysed by Grinder for 4 turns
  4404 | D:4      | Paralysed by Grinder for 2 turns
  4412 | D:4      | Killed Grinder
  4533 | D:5      | Noticed Dowan
  4534 | D:5      | Noticed Duvessa
  4548 | D:5      | Killed Duvessa
  4548 | D:5      | Reached skill level 8 in Long Blades
  4548 | D:5      | Reached XP level 9. HP: 57/78 MP: 9/9
  4557 | D:5      | Killed Dowan
  4758 | D:5      | Noticed Prince Ribbit
  4774 | D:5      | Killed Prince Ribbit
  4875 | D:5      | Got a heavily runed leather armour
  4886 | D:5      | Identified the cursed +1 leather armour of Bean {rPois rC-
                  | Slay+2} (You found it on level 5 of the Dungeon)
  5124 | D:6      | Reached **** piety under Okawaru
  5237 | D:6      | Found a snail-covered altar of Cheibriados.
  5292 | D:6      | Reached skill level 9 in Long Blades
  5327 | D:6      | Found a white marble altar of Elyvilon.
  6596 | D:7      | Reached XP level 10. HP: 85/85 MP: 10/10
  7060 | D:7      | Noticed bloo's ghost (novice DECj)
  7061 | D:7      | Found a runed gate.
  7061 | D:7      | Found a runed gate.
  7061 | D:7      | Found a runed gate.
  7061 | D:7      | Noticed a kobold demonologist
  7574 | D:8      | Found a basalt altar of Yredelemnul.
  7855 | D:8      | Found a staircase to the Lair.
  8041 | D:8      | Reached skill level 10 in Long Blades
  8146 | Lair:1   | Entered Level 1 of the Lair of Beasts
  8149 | Lair:1   | Noticed a black mamba
  8166 | Lair:1   | Killed a black mamba
  8166 | Lair:1   | Reached ***** piety under Okawaru
  8594 | Lair:1   | Noticed a spiny frog
  8607 | Lair:1   | Killed a spiny frog
  9656 | Lair:1   | Noticed a spiny frog
  9670 | Lair:1   | Slain by a spiny frog

Skill      XL: |  1  2  3  4  5  6  7  8  9 10 |
---------------+-------------------------------+-----
Fighting       | 4 5 6 7 8 |  8.2
Long Blades    | 3 4 6 8 9 10 | 10.7
Armour         | 4 5 6 7 8 |  8.0
Dodging        | 1 2 |  2.0
Shields        | 4 5 8 9 |  9.3
Stealth        | |  0.8

Action                   |  1- 3 |  4- 6 |  7- 9 | 10-12 || total
-------------------------+-------+-------+-------+-------++-------
Melee: Long sword        |   124 |   163 |   593 |   320 ||  1200
  Use: Scroll            |       |       |    19 |     2 ||    21
       Potion            |       |       |     3 |     1 ||     4
 Stab: Paralysed         |       |     1 |       |       ||     1
  Eat: Chunk             |     2 |     4 |    14 |     9 ||    29
Armor: Scale mail        |    49 |    54 |    73 |       ||   176
       Plate armour      |       |       |   148 |    88 ||   236
       Leather armour    |       |       |     1 |       ||     1
Dodge: Dodged            |    46 |    53 |   136 |    45 ||   280
Block: Shield            |    70 |    71 |   309 |   187 ||   637
       Rpst.: Long sword |    13 |    16 |    33 |    16 ||    78
